 Dungeon Crawl Stone Soup version 0.30-a0-862-g1aabd4f9c5 (webtiles) character file.

Game seed: 5522137707294840121

135 Maxmaps the Ducker (level 5, -1/47 HPs)
             Began as a Gnoll Monk on Mar 9, 2023.
             Slain by an iguana (6 damage)
             ... on level 5 of the Dungeon.
             The game lasted 00:02:08 (2117 turns).

Maxmaps the Ducker (Gnoll Monk)                     Turns: 2117, Time: 00:02:09

Health: -1/47      AC:  8    Str: 10    XL:     5   Next: 18%
Magic:  7/7        EV:  6    Int: 11    God:
Gold:   139        SH:  0    Dex: 15    Spells: 6/6 levels left

rFire   + . .      SeeInvis .    a - +0 falchion
rCold   . . .      Faith    .    (no shield)
rNeg    . . .      Spirit   .    g - +0 chain mail
rPois   .          Reflect  .    (no helmet)
rElec   .          Rampage  .    (no cloak)
rCorr   .                        (no gloves)
Will    .....                    (no boots) Stlth
                                 (no amulet)
HPRegen 0.27/turn                e - ring of protection from fire
MPRegen 0.10/turn                (no ring)

@: weak-willed
A: fangs 1, strong nose, distributed training
a: no special abilities


You were on level 5 of the Dungeon.
You visited 1 branch of the dungeon, and saw 4 of its levels.

You collected 139 gold pieces.

Inventory:

Hand Weapons
 a - a +0 falchion (weapon)
Armour
 b - a +0 robe
 g - a +0 chain mail (worn)
Jewellery
 e - a ring of protection from fire (left hand)
Potions
 c - a potion of ambrosia
 f - a potion of lignification {unknown}
 h - 2 potions of might
 i - a potion of curing
 k - a potion of degeneration
 l - a potion of attraction {unknown}
 m - a potion of magic {unknown}
 n - a potion of heal wounds {unknown}


   Skills:
 + Level 6.7 Fighting
 + Level 1.4 Short Blades
 + Level 6.7 Long Blades
 + Level 1.4 Axes
 + Level 1.4 Maces & Flails
 + Level 1.4 Polearms
 + Level 1.4 Staves
 + Level 1.4 Ranged Weapons
 + Level 1.4 Throwing
 + Level 1.4 Armour
 + Level 6.7 Dodging
 + Level 4.4 Stealth
 + Level 1.4 Shields
 + Level 1.4 Unarmed Combat
 + Level 1.4 Spellcasting
 + Level 1.1 Conjurations
 + Level 1.1 Hexes
 + Level 1.1 Summonings
 + Level 1.1 Necromancy
 + Level 1.1 Translocations
 + Level 1.1 Transmutations
 + Level 1.1 Fire Magic
 + Level 1.1 Ice Magic
 + Level 1.1 Air Magic
 + Level 1.1 Earth Magic
 + Level 1.1 Poison Magic
 + Level 1.6 Invocations
 + Level 1.4 Evocations


You had 6 spell levels left.
You didn't know any spells.
Your spell library contained the following spells:

 Spells                   Type           Power      Damage    Failure   Level
 Inner Flame              Hex/Fire       3%         N/A       100%        3
 Animate Dead             Necr           3%         N/A       100%        4
 Cause Fear               Hex            1%         N/A       100%        4
 Borgnjor's Vile Clutch   Necr/Erth      1%         N/A       100%        5
 Death Channel            Necr           1%         N/A       100%        6
 Discord                  Hex            1%         N/A       100%        8


Dungeon Overview and Level Annotations

Branches:
Dungeon (3/15)

Altars:

Shops:
D:1 :


Innate Abilities, Weirdness & Mutations

You have very sharp teeth.
Your uncanny sense of smell can sniff out nearby items.
Your experience applies equally to all skills.


Message History

As you read the scroll labelled MESOAP BEUHYIPP, it crumbles to dust.
You feel strangely unstable.
It was a scroll of teleportation.
As you read the scroll labelled HIGIUTUIJI, it crumbles to dust.
You hear a loud clanging noise!
It was a scroll of noise.
You hear a shout! x2; You hear an angry hiss.
You hear a bark!
As you read the scroll labelled EMAYCO ETEB, it crumbles to dust.
Your body is wracked with pain!
It was a scroll of torment.
As you read the scroll labelled XUPNAOHADGH, it crumbles to dust.
Magic quickly surges around you.
It was a scroll of vulnerability.
As you read the scroll labelled KUAR FIARIL, it crumbles to dust.
The scroll dissolves into smoke.
It was a scroll of fog.
Your surroundings suddenly seem different.
An orc priest and 3 orcs come into view.
The orc priest is wielding a +1 falchion of electrocution.
Found 5 poisoned darts and a scroll labelled SOCATU FUOCWI.
You aren't carrying any scrolls.
Unknown command.
The orc attacks as you move away! The orc hits you but does no damage.
You hear the slow rusting of a distant drain.
The orc attacks as you move away! The orc hits you but does no damage.
Found a stone staircase leading down.
Items here: ))) [ ††.
The orc attacks as you move away! The orc hits you with a +0 club.
The orc priest looks encouraged for a moment.
An iguana comes into view.
The iguana hisses angrily.
The orc priest miscasts a cantrip.
The orc attacks as you move away! The orc hits you but does no damage.
The iguana bites you!
The iguana bites you but does no damage.
The orc attacks as you move away! The orc barely misses you.
The iguana bites you!
* * * LOW HITPOINT WARNING * * *
The iguana attacks as you move away! The iguana closely misses you.
The orc attacks as you move away! The orc hits you but does no damage.
The iguana attacks as you move away! The iguana bites you!
* * * LOW HITPOINT WARNING * * *
The iguana attacks as you move away! The iguana bites you.
You die...

................## ##.#.#
......(##..o.....###§§...
.......#.........##§§§...
#...................§##..
#.$...####o.....#.#......
#............##.###.#..
..##.....o....##### ...#
#.......ol...## #.##
..#.....@...## ..
#.......### ... #.....###
∆.# ####.## #. #. .. ∆ .


You could see an iguana, an orc priest and 3 orcs.

Vanquished Creatures
  A gnoll (D:2)
  5 adders
  An ufetubus (D:5)
  A worm (D:2)
  2 dart slugs (D:3)
  4 orcs
  4 ball pythons
  4 bats
  6 endoplasms
  3 giant cockroaches
  3 goblins
  6 hobgoblins
  4 jackals (D:1)
  7 kobolds
  3 quokkas
  2 frilled lizards
  6 rats
62 creatures vanquished.

Notes
Turn   | Place    | Note
-------+----------+-------------------------------------------
     0 | D:1      | Maxmaps the Gnoll Monk began the quest for the Orb.
     0 | D:1      | Reached XP level 1. HP: 23/23 MP: 1/1
   200 | D:1      | Reached XP level 2. HP: 29/29 MP: 2/2
   267 | D:1      | Found Essy's Vocational Training.
   832 | D:2      | Reached XP level 3. HP: 29/35 MP: 2/4
  1055 | D:2      | Reached skill level 1 in Invocations
  1096 | D:2      | Reached skill level 1 in Short Blades
  1096 | D:2      | Reached skill level 1 in Axes
  1096 | D:2      | Reached skill level 1 in Maces & Flails
  1096 | D:2      | Reached skill level 1 in Polearms
  1096 | D:2      | Reached skill level 1 in Staves
  1096 | D:2      | Reached skill level 1 in Ranged Weapons
  1096 | D:2      | Reached skill level 1 in Throwing
  1096 | D:2      | Reached skill level 1 in Armour
  1096 | D:2      | Reached skill level 1 in Shields
  1096 | D:2      | Reached skill level 1 in Unarmed Combat
  1096 | D:2      | Reached skill level 1 in Spellcasting
  1096 | D:2      | Reached skill level 1 in Evocations
  1456 | D:2      | Reached XP level 4. HP: 33/41 MP: 5/5
  1720 | D:2      | Reached skill level 1 in Conjurations
  1720 | D:2      | Reached skill level 1 in Hexes
  1720 | D:2      | Reached skill level 1 in Summonings
  1720 | D:2      | Reached skill level 1 in Necromancy
  1720 | D:2      | Reached skill level 1 in Translocations
  1720 | D:2      | Reached skill level 1 in Transmutations
  1720 | D:2      | Reached skill level 1 in Fire Magic
  1720 | D:2      | Reached skill level 1 in Ice Magic
  1720 | D:2      | Reached skill level 1 in Air Magic
  1720 | D:2      | Reached skill level 1 in Earth Magic
  1720 | D:2      | Reached skill level 1 in Poison Magic
  1986 | D:3      | Reached XP level 5. HP: 44/47 MP: 5/7
  2042 | D:3      | You fall into a shaft and drop 2 floors!
  2042 | D:5      | Entered Level 5 of the Dungeon
  2117 | D:5      | Slain by an iguana

Illustrated notes

Levels and vault maps discovered:
D:1:      amcnicky_arrival_flooded_fountain, layout_basic,
          nicolae_shop_vocational
D:2:      minmay_chambers_of_twos, layout_basic
D:3:      layout_basic, nicolae_sif_muna_condensation, minmay_misc_feat_iff,
          st_stairs_13, minmay_increasing_density, uniq_pargi
D:5:      layout_cave_pools, mainiacjoe_overflow_surrounded_room,
          portal_sewer_entry_f

Skill      XL: |  1  2  3  4 |
---------------+-------------+-----
Invocations    | 1 |  1.6
Short Blades   | 1 |  1.4
Axes           | 1 |  1.4
Maces & Flails | 1 |  1.4
Polearms       | 1 |  1.4
Staves         | 1 |  1.4
Ranged Weapons | 1 |  1.4
Throwing       | 1 |  1.4
Armour         | 1 |  1.4
Shields        | 1 |  1.4
Unarmed Combat | 1 |  1.4
Spellcasting   | 1 |  1.4
Evocations     | 1 |  1.4
Conjurations   | 1 |  1.1
Hexes          | 1 |  1.1
Summonings     | 1 |  1.1
Necromancy     | 1 |  1.1
Translocations | 1 |  1.1
Transmutations | 1 |  1.1
Fire Magic     | 1 |  1.1
Ice Magic      | 1 |  1.1
Air Magic      | 1 |  1.1
Earth Magic    | 1 |  1.1
Poison Magic   | 1 |  1.1
Fighting       | |  6.7
Long Blades    | |  6.7
Dodging        | |  6.7
Stealth        | |  4.4

Action                     |  1- 3 |  4- 6 || total
---------------------------+-------+-------++-------
  Melee: Falchion          |    90 |    87 ||   177
         Bite              |     7 |    12 ||    19
    Use: Scroll            |       |     8 ||     8
   Stab: Sleeping          |     5 |       ||     5
 Armour: Robe              |     6 |       ||     6
         Chain mail        |    28 |    56 ||    84
  Dodge: Dodged            |    33 |    25 ||    58

Table legend: (Time is in decaauts)
 A = Elapsed time spent in this place.
 B = Non-inter-level travel time spent in this place.
 C = Inter-level travel time spent in this place.
 D = Time resting spent in this place.
 E = Time spent auto-exploring this place.
 F = Levels seen in this place.
 G = Mean time per level.
                   A        B        C        D        E       F      G
               +--------+--------+--------+--------+--------+-----+--------+
         Total |   2111 |   2072 |     39 |    188 |   1438 |   4 |  527.8 |
       Dungeon |   2111 |   2072 |     39 |    188 |   1438 |   4 |  527.8 |
               +--------+--------+--------+--------+--------+-----+--------+

Top non-repeatable levels by time:
     D:2: 978 daAuts
     D:1: 791 daAuts
     D:3: 267 daAuts
     D:5: 74 daAuts
